 Dungeon Crawl Stone Soup version 0.29-a0-322-g68df515428 (webtiles) character file.

Game seed: 14537915380403802742

126 oblizorion1 the Skirmisher (level 5, -2/46 HPs)
             Began as a Hill Orc Fighter on Apr 8, 2022.
             Slain by an ogre
             ... wielding a +0 giant club
              (28 damage)
             ... on level 3 of the Dungeon.
             The game lasted 00:06:21 (3022 turns).

oblizorion1 the Skirmisher (Hill Orc Fighter)       Turns: 3022, Time: 00:06:22

Health: -2/46      AC: 10    Str: 21    XL:     5   Next: 9%
Magic:  5/5        EV:  7    Int:  8    God:
Gold:   192        SH:  4    Dex: 10    Spells: 4/4 levels left

rFire   . . .      SeeInvis .   a - +0 trident
rCold   . . .      Faith    .   c - +0 buckler
rNeg    . . .      Spirit   .   i - +0 chain mail
rPois   .          Reflect  .   (no helmet)
rElec   .          Harm     .   (no cloak)
rCorr   .          Rampage  .   b - +0 pair of gloves
Will    .....                   (no boots)
Stlth   ..........              (no amulet)
HPRegen 0.15/turn               e - ring of wizardry
MPRegen 0.09/turn               (no ring)

@: no status effects
A: no striking features
a: no special abilities


You were on level 3 of the Dungeon.
You visited 1 branch of the dungeon, and saw 3 of its levels.

You collected 192 gold pieces.

Inventory:

Hand Weapons
 a - a +0 trident (weapon)
Missiles
 l - 8 poisoned darts
 p - 6 boomerangs (quivered)
Armour
 b - a +0 pair of gloves (worn)
 c - a +0 buckler (worn)
 i - a +0 chain mail (worn)
Jewellery
 e - a ring of wizardry (left hand)
Scrolls
 h - a scroll of noise {unknown}
 k - 2 scrolls of teleportation
 m - a scroll of summoning {unknown}
 o - a scroll of immolation {unknown}
Potions
 d - 4 potions of might
 f - 5 potions of curing {unknown}
 g - a potion of haste {unknown}
 j - a potion of degeneration {unknown}
 n - a potion of lignification {unknown}
 q - a potion of mutation {unknown}


   Skills:
 + Level 4.1 Fighting
 + Level 3.9 Polearms
 + Level 4.0 Armour
 + Level 0.5 Dodging
 + Level 3.9 Shields


You had 4 spell levels left.
You didn't know any spells.
Your spell library was empty.

Dungeon Overview and Level Annotations

Branches:
Dungeon (3/15)

Altars:
Qazlal

Shops:
D:1 [!((*


Message History

You miss the adder.
The adder is almost dead.
The adder bites you. The adder barely misses you.
You barely miss the adder.
The adder is almost dead.
You block the adder's attack.
You miss the adder.
The adder is almost dead.
The adder bites you but does no damage. x2
You barely miss the adder.
The adder is almost dead.
The adder barely misses you.
You barely miss the adder.
The adder is almost dead.
You block the adder's attack. The adder barely misses you.
You miss the adder.
The adder is almost dead.
The adder bites you but does no damage.
You hit the adder.
You kill the adder!
You see here an adder corpse.
You start resting.
HP restored.
Found a stone staircase leading down.
There is a stone staircase leading down here.
You now have 192 gold pieces (gained 16).
An ogre comes into view. It is wielding a +0 giant club.
The ogre shouts!
Reach: a) +0 trident
Press: ? - help, Dir - move target, f - ogre
Aim: an ogre, wielding a +0 giant club (about 27% to evade your +0 trident)
You reach to attack!
You barely miss the ogre. You hit the ogre.
The ogre is lightly wounded.
The ogre hits you with a +0 giant club!!
You closely miss the ogre.
The ogre is lightly wounded.
The ogre hits you with a +0 giant club!!
Ouch! That really hurt!
You die...

#........##.###.#.#.#
#........##.###.###.#
#....รท........#.#...#
#....##########.#.#####
#####.#..........#......
#.....#.###############.
#....................#..
#.....#.############.#.#
#.....#@# #.#.#
###.....#O# #.#.#
#.......#.. #.#.# ##
#......####. #.#.# .#
#......# .# #.#..
.#######......# # #.###
..............# #.# #
......<.######## #.# #
.....)..<......# #.###


You could see an ogre.

Vanquished Creatures
  A scorpion (D:2)
  3 adders (D:3)
  3 dart slugs
  4 endoplasms
  2 goblins (D:1)
  6 hobgoblins
  3 jackals (D:1)
  A quokka (D:1)
  A ball python (D:1)
  5 bats
  3 frilled lizards
  3 kobolds
  2 rats
37 creatures vanquished.

Vanquished Creatures (others)
  11 plants (D:1)
11 creatures vanquished.

Grand Total: 48 creatures vanquished

Notes
Turn   | Place    | Note
-------+----------+-------------------------------------------
     0 | D:1      | oblizorion1 the Hill Orc Fighter began the quest for the
                  | Orb.
     0 | D:1      | Reached XP level 1. HP: 19/19 MP: 1/1
    15 | D:1      | Found Ylao's General Store.
   285 | D:1      | Found a faded altar of an unknown god.
   369 | D:1      | Found Yriy's Weapon Shop.
   370 | D:1      | Found Aluicred's Weapon Shop.
   422 | D:1      | Reached XP level 2. HP: 25/27 MP: 2/2
   772 | D:1      | Found Byirromiag's Distillery.
   777 | D:1      | Found Ubogugu's Armour Shoppe.
  1108 | D:1      | Reached XP level 3. HP: 29/33 MP: 3/3
  1291 | D:2      | Noticed a scorpion
  1298 | D:2      | Killed a scorpion
  1299 | D:2      | Reached XP level 4. HP: 22/40 MP: 4/4
  2351 | D:3      | Found a stormy altar of Qazlal.
  2614 | D:3      | Reached XP level 5. HP: 46/46 MP: 5/5
  3019 | D:3      | Noticed an ogre
  3022 | D:3      | Slain by an ogre

Illustrated notes

Levels and vault maps discovered:
D:1:      roderic_octagonal_star, layout_rooms,
          hellmonk_ecumenical_altar_inner_sanctum, serial_shops, shop,
          nicolae_diamond_shop, nicolae_shop_trees, shop, nicolae_shop_stone,
          kennysheep_boxes
D:2:      layout_basic
D:3:      layout_basic, nicolae_qazlal_eye_of_the_storm

Skill      XL: |  1  2  3  4 |
---------------+-------------+-----
Fighting       | 4 |  4.1
Polearms       | 3 |  3.9
Armour         | 4 |  4.0
Dodging        | |  0.5
Shields        | |  3.9

Action                   |  1- 3 |  4- 6 || total
-------------------------+-------+-------++-------
Melee: Trident           |    74 |    74 ||   148
Throw: Boomerang         |       |     5 ||     5
       Dart              |       |     3 ||     3
  Use: Scroll            |       |     2 ||     2
Armor: Scale mail        |     2 |       ||     2
       Chain mail        |    50 |    38 ||    88
Dodge: Dodged            |    26 |    26 ||    52
Block: Buckler           |    21 |    13 ||    34

Table legend: (Time is in decaauts)
 A = Elapsed time spent in this place.
 B = Non-inter-level travel time spent in this place.
 C = Inter-level travel time spent in this place.
 D = Time resting spent in this place.
 E = Time spent auto-exploring this place.
 F = Levels seen in this place.
 G = Mean time per level.
                   A        B        C        D        E       F      G
               +--------+--------+--------+--------+--------+-----+--------+
         Total |   3050 |   2972 |     78 |    876 |   1551 |   3 | 1016.7 |
       Dungeon |   3050 |   2972 |     78 |    876 |   1551 |   3 | 1016.7 |
               +--------+--------+--------+--------+--------+-----+--------+

Top non-repeatable levels by time:
     D:1: 1237 daAuts
     D:2: 1104 daAuts
     D:3: 708 daAuts
